 Dungeon Crawl Stone Soup version 0.31-a0-188-g5e087ee2ca (webtiles) character file.

Game seed: 3985977112743843048

4 qw the Shooter (level 1, -1/12 HPs)
             Began as a Deep Elf Hunter on June 22, 2023.
             Frozen to death by an endoplasm (5 damage)
             ... on level 1 of the Dungeon.
             The game lasted 00:00:04 (119 turns).

qw the Shooter (Deep Elf Hunter)                     Turns: 119, Time: 00:00:04

Health: -1/12      AC:  3    Str:  8    XL:     1   Next: 58%
Magic:  3/3        EV: 12    Int: 13    God:
Gold:   0          SH:  0    Dex: 18    Spells: 0/0 levels left

rFire   . . .        a - +0 shortbow
rCold   . . .        (shield currently unavailable)
rNeg    . . .        c - +0 leather armour
rPois   .            (no helmet)
rElec   .            (no cloak)
rCorr   .            (no gloves)
SInv    .            (no boots)
Will    .....        (no amulet)
Stlth   ++           (no ring)
HPRegen 0.22/turn    (no ring)
MPRegen 0.08/turn

%: no passive effects
@: no status effects
A: no striking features
a: no special abilities


You were on level 1 of the Dungeon.
You visited 1 branch of the dungeon, and saw 1 of its levels.


   Skills:
 - Level 1.5 Fighting
 + Level 5.7 Ranged Weapons
 - Level 2.4 Dodging
 - Level 1.2 Stealth


You couldn't memorise any spells.
You didn't know any spells.
Your spell library was empty.

Inventory:

Hand Weapons
 a - a +0 shortbow (weapon)
Armour
 c - a +0 leather armour (worn)
Scrolls
 b - a scroll of butterflies
 d - a scroll of fear {unknown}

Dungeon Overview and Level Annotations

Branches:
Dungeon (1/15)

Altars:


Message History

Found a mace.
You open the door.
Found a faded altar of an unknown god.
There is an open door here.
You enter the shallow water.
Moving in this stuff is going to be slow.
Found a club.
Enter note: You open the door.
You enter the shallow water.
Moving in this stuff is going to be slow.
There is an open door here.
A goblin comes into view. It is wielding a +0 dagger.
Enter note: You shoot an arrow.
The arrow hits the goblin.
You kill the goblin!
You see here a +0 dagger.
An endoplasm comes into view.
Enter note: You shoot an arrow.
The arrow hits the endoplasm but does no damage.
The endoplasm quivers.
You shoot an arrow. The arrow barely misses the endoplasm.
The endoplasm hits you. x2
You shoot an arrow.
The arrow completely misses the endoplasm.
The endoplasm freezes you.
You are frozen.
You shoot an arrow. The arrow barely misses the endoplasm.
The endoplasm barely misses you.
You shoot an arrow. The arrow barely misses the endoplasm.
The endoplasm freezes you.
You are frozen.
You shoot an arrow. The arrow hits the endoplasm.
The endoplasm is severely wounded.
The endoplasm closely misses you.
You shoot an arrow. The arrow barely misses the endoplasm.
The endoplasm freezes you.
You are frozen.
You die...

####### #.# #......
#.# #.##### #.# ## #.#
#. #.# #. #.#### #.
#######.J..# ###>
.......@# #.##...
#######)##.####
#...... ##...........
........ #..#####.####
#####.## #.## # #.#
#.# #.# #.###########
#####.#
#.#.........###...#.#
#.#....#....#.......##


You could see an endoplasm.

Vanquished Creatures
  A bat (D:1)
  2 goblins (D:1)
  A rat (D:1)
4 creatures vanquished.

Notes
Turn   | Place    | Note
-------+----------+-------------------------------------------
     0 | D:1      | qw the Deep Elf Hunter began the quest for the Orb.
     0 | D:1      | Reached XP level 1. HP: 12/12 MP: 3/3
     0 | D:1      | 0 ||| qw: Version: 0.3-a-9-g12657ce
     0 | D:1      | 0 ||| qw: Game counter: 2728
     0 | D:1      | 0 ||| qw: Always use a shield: true
     0 | D:1      | 0 ||| qw: God list: Okawaru
     0 | D:1      | 0 ||| qw: Allow faded altars: false
     0 | D:1      | 0 ||| qw: Do Orc after D:15 true
     0 | D:1      | 0 ||| qw: Do second Lair branch before Depths: true
     0 | D:1      | 0 ||| qw: Lair rune preference: random
     0 | D:1      | 0 ||| qw: Plans: Normal
     0 | D:1      | 0 ||| PLANNING D:1-11
    79 | D:1      | Found a faded altar of an unknown god.
   117 | D:1      | HP: 3/12 [frozen (2)]
   119 | D:1      | Frozen to death by an endoplasm

Levels and vault maps discovered:
D:1:      wander_arrival_desolate, layout_loops_ring, serial_bayou,
          serial_bayou_lake_a, serial_bayou_crossing, serial_bayou_shore_a,
          serial_bayou_pond_a, shapermc_ecumenical_altar_notcrosses

Action                     || total
---------------------------++-------
   Fire: Shortbow          ||    18
 Armour: Leather armour    ||     2
  Dodge: Dodged            ||     4

Table legend:
 A = Non-vault XP
 B = Vault XP
 C = Vault XP percentage of total XP
 D = Non-vault monster count
 E = Vault monster count
 F = Vault count percentage of total count
                 A         B        C        D         E       F
            +---------+---------+-------+---------+---------+-------
      Total |       7 |       0 |   0.0 |       4 |       0 |   0.0
            +---------+---------+-------+---------+---------+-------
        D:1 |       7 |       0 |   0.0 |       4 |       0 |   0.0
            +---------+---------+-------+---------+---------+-------
